 Dungeon Crawl Stone Soup version 0.28.0 (webtiles) character file.

Game seed: 9115182593476253880

39 cbfl8 the Sneak (level 3, 0/33 HPs)
             Began as a Minotaur Delver on Feb 7, 2022.
             Slain by a bullfrog (1 damage)
             ... on level 7 of the Dungeon.
             The game lasted 00:01:05 (533 turns).

cbfl8 the Sneak (Minotaur Delver)                    Turns: 533, Time: 00:01:07

Health: 0/33       AC:  3    Str: 18    XL:     3   Next: 28%
Magic:  2/2        EV: 12    Int:  7    God:
Gold:   0          SH:  0    Dex: 11    Spells: 2/2 levels left

rFire   . . .      SeeInvis .   a - +0 hand axe
rCold   . . .      Faith    .   (no shield)
rNeg    . . .      Spirit   .   b - +0 leather armour
rPois   .          Reflect  .   (helmet restricted)
rElec   .          Harm     .   (no cloak)
rCorr   .          Rampage  .   (no gloves)
Will    .....                   (no boots)
Stlth   ++........              (no amulet)
HPRegen 0.11/turn               (no ring)
MPRegen 0.08/turn               (no ring)

@: no status effects
A: horns 2, retaliatory headbutt
a: no special abilities


You were on level 7 of the Dungeon.
You visited 1 branch of the dungeon, and saw 3 of its levels.

Inventory:

Hand Weapons
 a - a +0 hand axe (weapon)
Armour
 b - a +0 leather armour (worn)
Wands
 g - a wand of digging (3)
Scrolls
 c - a scroll of fog
 d - a scroll of magic mapping
Potions
 f - a potion of haste
 h - a potion of curing {unknown}


   Skills:
 + Level 3.9 Fighting
 + Level 2.8 Axes
 + Level 0.3 Armour
 + Level 2.3 Dodging
 + Level 4.7 Stealth


You had 2 spell levels left.
You didn't know any spells.
Your spell library contained the following spells:

 Spells                   Type           Power      Damage    Failure   Level
 Shock                    Conj/Air       0%         1d3       50%         1
 Swiftness                Air            0%         N/A       86%         3
 Airstrike                Air            0%         N/A       99%         4


Dungeon Overview and Level Annotations

Branches:
Dungeon (7/15)
 Temple: D:4-7

Altars:
Hepliaklqana

Annotations:
D:7 3 transporters, SnakkuSnakku7's ghost, novice HODe


Innate Abilities, Weirdness & Mutations

You have a pair of horns on your head.
You reflexively headbutt those who attack you in melee.


Message History

The orc high priest intones a terrible prayer.
Found a chain mail and 26 gold pieces.
Found 29 gold pieces.
Found a transporter.
The shadow imp shouts, "Begone, thou pox-marked limp-willed meatball!"
The orc priest shouts!
There is a transporter landing site here.
Found a transporter.
Found 18 gold pieces, a weird jewelled staff and 16 bolts.
Found a pair of glowing boots.
SnakkuSnakku7's ghost turns its malevolent gaze towards you.
The yak bellows!
The bullfrog gives a loud, deep croak!
The moth of wrath's fur bristles in rage as it notices you.
A wight comes into view. It is wielding a +2 scimitar.
A wight comes into view. It is wielding a +0 morningstar.
A gnoll comes into view. It is wielding a +0 club.
The bullfrog releases a deep croak. 2 gnolls come into view.
The gnoll shouts!
A gnoll shaman comes into view. It is wielding a +0 club.
The gnoll moves out of view.
The gnoll shouts!
There is a transporter here.
You enter the transporter and appear at another place.
The moth of wrath goads the bullfrog on!
The bullfrog goes berserk!
Okay, then.
The bullfrog rages.
The bullfrog hits you. The bullfrog hits you!
The yak bellows!
The bullfrog closely misses you.
Found a transporter.
The bullfrog barely misses you.
The bullfrog rages.
The bullfrog hits you!
As you read the scroll of fear, it crumbles to dust.
You assume a fearsome visage.
The bullfrog is unaffected.
SnakkuSnakku7's ghost is unaffected.
The moth of wrath looks frightened!
The bullfrog hits you!
* * * LOW HITPOINT WARNING * * *
The bullfrog misses you. The bullfrog hits you.
You die...

#..####.©.####.....
#.##..##### ###..#
#.z# ...$|(..#..##
#
#.##.##..[###....#
#z#.....#.....#.##
#. ©.##..yW.# .#.
#.#......#..##..#
##...#..F#....#
#....#.@....##
#####..###.## ..
### ## . . .#


You could see a moth of wrath (fleeing), a bullfrog (berserk) and
SnakkuSnakku7's ghost.

Vanquished Creatures
  A centaur skeleton (D:7)
  An adder (D:6)
2 creatures vanquished.

Notes
Turn   | Place    | Note
-------+----------+-------------------------------------------
     0 | D:5      | cbfl8 the Minotaur Delver began the quest for the Orb.
     0 | D:5      | Reached XP level 1. HP: 19/19 MP: 0/0
    40 | D:6      | Reached XP level 2. HP: 13/27 MP: 1/1
   211 | D:6      | Found a hazy altar of Hepliaklqana.
   212 | D:6      | Noticed a gnoll sergeant
   229 | D:7      | Noticed a steam dragon
   248 | D:7      | Reached XP level 3. HP: 9/33 MP: 2/2
   458 | D:7      | Found a transporter.
   463 | D:7      | Noticed an orc high priest
   465 | D:7      | Noticed a kobold demonologist
   482 | D:7      | Found a transporter.
   503 | D:7      | Found a transporter.
   505 | D:7      | Noticed a yak
   506 | D:7      | Noticed SnakkuSnakku7's ghost (novice HODe)
   507 | D:7      | Noticed a moth of wrath
   507 | D:7      | Noticed a bullfrog
   509 | D:7      | Noticed a black bear
   531 | D:7      | Found a transporter.
   533 | D:7      | HP: 1/33 [bullfrog (11)]
   533 | D:7      | Slain by a bullfrog

Illustrated notes

Levels and vault maps discovered:
D:5:      layout_loops_corners, mainiacjoe_overflow_alcove_1,
          chequers_serial_rivers_large_a
D:6:      layout_loops_corners, beargit_hepliaklqana_dungeon_heroes
D:7:      gammafunk_wand_slinger, layout_basic,
          grunt_temple_overflow_champion_of_chaos,
          minmay_temple_entry_statues_fountains,
          gammafunk_ghost_berserking_beasts, eino_jars

Action                   || total
-------------------------++-------
Melee: Hand axe          ||     8
       Headbutt          ||     1
  Use: Scroll            ||     1
Armor: Leather armour    ||     1
Dodge: Dodged            ||    13
